[Event "EYCC O18-ch 2024"]
[Site "Prague"]
[Date "2024.08.23"]
[Round "2.2"]
[White "Klimkowski, Jan"]
[Black "Ribera Veganzones, Serni"]
[Result "1-0"]
[ECO "B51"]
[WhiteElo "2508"]
[BlackElo "2309"]
[Annotator "TA"]
[PlyCount "85"]
[EventDate "2024.08.19"]
[EventType "swiss"]
[EventCountry "CZE"]
[SourceTitle "playchess.com"]
[Source "ChessBase"]
[SourceQuality "1"]
[TimeControl "5400+30"]

1. e4 c5 2. Nf3 d6 3. Bb5+ Nd7 4. a4 Ngf6 5. Nc3 a6 6. Be2 {[%emt 0:00:28] B51: Sicilian: Moscow Variation (3 Bb5+) without 3...Bd7.} b6 7. d4 cxd4 8. Qxd4 Bb7 9. O-O e6 10. Nd2 d5 11. exd5 Bc5 12. Qf4 exd5 13. Nb3 O-O 14. Be3 $146 ({Predecessor:} 14. Nxc5 bxc5 15. Bf3 Re8 16. b3 Ne5 17. Bb2 Qd7 18. Nd1 Nxf3+ 19. Qxf3 d4 20. Qd3 {0-1 Tulegenov,A (1858)-Shonazarov,O (2277) FIDE World Rapid Team 2024 (11.43)}) 14... Re8 15. Bd4 Bf8 16. Rad1 Rc8 17. Bd3 g6 18. Rfe1 Bg7 19. h3 Rxe1+ 20. Rxe1 Nc5 21. Qe3 Nxb3 22. cxb3 Nd7 23. Bxg7 Kxg7 24. Be2 Qf6 (24... Nc5 $5 25. Rd1 Nxb3 $11) 25. Rd1 Qd6 26. Qd4+ (26. Bc4 $14 Nf6 27. Bf1) 26... Nf6 27. Bf3 Kg8 (27... Qc5 $11 {keeps the balance.}) 28. g3 (28. Bxd5 $6 Nxd5 (28... Rd8 $2 29. Bxf7+ Kxf7 30. Qxd6 $18) 29. Nxd5 Bxd5 30. Qxd5 Qxd5 31. Rxd5 Rc1+ 32. Kh2 Rc2 $11) ({White should try} 28. g4 $16) 28... Rd8 29. Kg2 h5 30. Re1 (30. b4 $14 {was preferrable.}) 30... Kf8 ({Black should play} 30... Ne4 $11) 31. Rd1 (31. b4 $14) 31... Re8 (31... Kg8 $1 $11) 32. b4 $14 (32. Bxd5 $2 Nxd5 (32... Rd8 $2 33. Bxb7 Qxd4 34. Rxd4 $19) 33. Kh2 (33. Nxd5 $2 Re5 $19) 33... Qe5 (33... Re5 $2 34. f4 $19) 34. Nxd5 Qxd4 35. Rxd4 Rd8 $19) (32. Nxd5 $2 Bxd5 (32... Rd8 $2 33. Kh2 $19) 33. Bxd5 Rd8 $19) 32... Rc8 33. a5 (33. Bxd5 $2 Bxd5+ (33... Rd8 $2 34. Bxb7 Qxd4 35. Rxd4 $19) 34. Kh2 (34. Nxd5 $2 Rd8 $19) 34... Rd8 $19) (33. h4 $16) 33... b5 (33... Rc4 $2 34. Qxc4 (34. Qxb6 Qxb6 35. axb6 Rxb4 $11) 34... bxa5 35. Qc5 $18 (35. Bxd5 Nxd5 36. Nxd5 Qxb4 $18) (35. Nxd5 Bxd5 36. Bxd5 Qxb4 $18) (35. bxa5 Qd7 $18)) 34. b3 (34. Nxd5 $2 Bxd5 35. Bxd5 Rd8 $19) 34... Kg8 35. Ne2 (35. Nxd5 $2 Nxd5 (35... Bxd5 36. Bxd5 Qxd5+ 37. Qxd5 $11) 36. Bxd5 Rd8 37. Bxb7 Qxd4 38. Rxd4 Rxd4 39. Bxa6 Rxb4 $19) 35... Rc7 36. Nf4 Bc8 37. Nd3 (37. Bxd5 $6 Nxd5 38. Nxd5 Bb7 $11) 37... Bf5 (37... Re7 $142) 38. Nc5 $16 Re7 {[%emt 0:00:47] [#]} (38... Be6 $16 39. g4 (39. Qxf6 $2 {loses.} Bxh3+ 40. Kxh3 Qxf6 $19) 39... Nd7) 39. Qf4 $2 ({Worse is} 39. Bxd5 Qxd5+ 40. Qxd5 Nxd5 41. Rxd5 Be4+ 42. Nxe4 Rxe4 $15) (39. g4 $1 $18 {[%cal Rg4f5] and the rest is easy.} Bc8 40. Bxd5) 39... Qc6 $2 (39... Qxf4 $16 {was called for.} 40. gxf4 Bc8) 40. Rc1 $18 Rc7 $2 (40... Kg7 41. g4 Bd7 42. gxh5 Bf5) 41. g4 $18 hxg4 42. hxg4 Be4 43. Nxe4 1-0

[Event "EYCC O18-ch 2024"]
[Site "Prague"]
[Date "2024.08.23"]
[Round "2.2"]
[White "Chyzy, Jakub"]
[Black "Nastore, Pavel-Alexandru"]
[Result "1-0"]
[ECO "B52"]
[WhiteElo "2368"]
[BlackElo "2233"]
[Annotator "ChessBase"]
[PlyCount "113"]
[EventDate "2024.08.19"]
[EventType "swiss"]
[EventCountry "CZE"]
[SourceTitle "playchess.com"]
[Source "ChessBase"]
[SourceQuality "1"]
[TimeControl "5400+30"]

1. e4 c5 2. Nf3 d6 3. Bb5+ Bd7 4. Bxd7+ Nxd7 5. O-O Ngf6 6. Qe2 e6 7. b3 Be7 8. Bb2 Rc8 9. c4 a6 10. Nc3 O-O 11. d4 cxd4 12. Nxd4 Qa5 13. Rad1 Rfe8 14. Kh1 Qh5 15. f3 Bd8 16. g4 Qh4 17. Rg1 Ne5 18. Rg3 Ng6 19. Bc1 Ba5 20. Qg2 Nd7 21. Nce2 Qd8 22. f4 Nc5 23. g5 e5 24. Nf5 exf4 25. Nxf4 Nxe4 26. Nh5 Nxg3+ 27. Qxg3 Qc7 28. Bb2 Qc6+ 29. Rd5 Re5 30. Bxe5 dxe5 31. Nhxg7 Rd8 32. Nh5 Rxd5 33. Nf6+ Kh8 34. Nxd5 Bd8 35. Nh6 Kg7 36. Nf5+ Kf8 37. Qh3 Bxg5 38. Qxh7 Qc5 39. h4 Qf2 40. Qg7+ Ke8 41. Qg8+ Kd7 42. Qxf7+ Ne7 43. hxg5 Qf3+ 44. Kg1 Qg4+ 45. Kh2 Qe2+ 46. Kg3 Qe1+ 47. Kf3 Qh1+ 48. Ke2 Qg2+ 49. Kd3 Qf1+ 50. Ke4 Qg2+ 51. Kxe5 Qh2+ 52. Kd4 Qd2+ 53. Ke4 Qg2+ 54. Kd3 Qf1+ 55. Kd4 Qd1+ 56. Kc5 Qg1+ 57. Nfe3 1-0

[Event "EYCC O18-ch 2024"]
[Site "Prague"]
[Date "2024.08.23"]
[Round "2.3"]
[White "Gasparyan, Erik R."]
[Black "Kienboeck, Benjamin"]
[Result "1-0"]
[ECO "D37"]
[WhiteElo "2350"]
[BlackElo "2214"]
[Annotator "RC"]
[PlyCount "51"]
[EventDate "2024.08.19"]
[EventType "swiss"]
[EventCountry "CZE"]
[SourceTitle "playchess.com"]
[Source "ChessBase"]
[SourceQuality "1"]
[TimeControl "5400+30"]

1. d4 Nf6 2. c4 e6 3. Nf3 d5 4. Nc3 dxc4 5. e4 b5 6. e5 Nd5 7. Nxb5 Nb6 8. a4 Qd7 9. Bd2 Bb7 10. Be2 Be7 11. Na3 Nxa4 12. Nxc4 Nb6 13. Na5 Bd5 14. Qc2 O-O 15. O-O h6 16. Rfc1 Rc8 17. b4 c6 18. Ne1 Bg5 19. Ra3 Qe7 20. f4 Bxf4 21. Bxf4 Qxb4 22. Qc3 Qxc3 23. Raxc3 Rc7 24. Nd3 Kf8 25. Nb4 N8d7 26. Bd2 1-0

[Event "EYCC O18-ch 2024"]
[Site "Prague"]
[Date "2024.08.23"]
[Round "2.3"]
[White "Zlatkov, Anton"]
[Black "Malek, Jan"]
[Result "0-1"]
[ECO "A13"]
[WhiteElo "2297"]
[BlackElo "2482"]
[Annotator "RC"]
[PlyCount "80"]
[EventDate "2024.08.19"]
[EventType "swiss"]
[EventCountry "CZE"]
[SourceTitle "playchess.com"]
[Source "ChessBase"]
[SourceQuality "1"]
[TimeControl "5400+30"]

1. c4 e6 2. g3 d5 3. Bg2 dxc4 4. Nf3 Nd7 5. Qa4 a6 6. Qxc4 b5 7. Qc2 Bb7 8. O-O Ngf6 9. d3 c5 10. a4 Be7 11. Nc3 Bc6 12. e4 O-O 13. h3 Rc8 14. axb5 axb5 15. b3 Qc7 16. Be3 Rfd8 17. Ra2 e5 18. Rfa1 b4 19. Ne2 Bb5 20. Nd2 Nb8 21. Nc4 Nc6 22. f4 Nd7 23. h4 Rb8 24. Bh3 Nb6 25. Nb2 Qd6 26. Rc1 Qg6 27. Kh2 Qh5 28. Kg2 Nd7 29. Nc4 Nf6 30. fxe5 Ng4 31. Bxg4 Qxg4 32. Bf4 Bxc4 33. Qxc4 Nd4 34. Nxd4 Rxd4 35. Qa6 Rbd8 36. Rd2 Bxh4 37. e6 fxe6 38. Rxc5 Rxe4 39. Bc7 Re3 40. Qc4 Rxg3+ 0-1

[Event "EYCC O18-ch 2024"]
[Site "Prague"]
[Date "2024.08.23"]
[Round "2.4"]
[White "Rozen, Eytan"]
[Black "Farokhi, Keyvan"]
[Result "1/2-1/2"]
[ECO "A13"]
[WhiteElo "2478"]
[BlackElo "2307"]
[Annotator "TA"]
[PlyCount "141"]
[EventDate "2024.08.19"]
[EventType "swiss"]
[EventCountry "CZE"]
[SourceTitle "playchess.com"]
[Source "ChessBase"]
[SourceQuality "1"]
[TimeControl "5400+30"]

1. c4 e6 2. Nf3 Nf6 3. b3 d5 4. Bb2 Be7 5. e3 O-O 6. Nc3 c5 7. cxd5 exd5 8. d4 Nc6 9. Be2 Bg4 10. dxc5 Bxc5 11. O-O a6 12. h3 {[%emt 0:01:48] D32: Tarrasch Defence: Sidelines and lines without g3.} Bh5 13. Na4 Ba7 14. Bxf6 Qxf6 15. Qxd5 Bg6 16. Qg5 Qxg5 17. Nxg5 Rfd8 $146 ({Predecessor:} 17... Rac8 18. Bf3 b5 19. Nb2 Nb4 20. Be4 Nc2 21. Rac1 Nxe3 22. Rfe1 Bxe4 23. Nxe4 Nc2 {½-½ Hartofylakas,S (1911)-Stamatiou,R (2142) GRE-ch U18 Larisa 2023 (3)}) 18. Rac1 Nb4 19. Rfd1 Rxd1+ 20. Rxd1 h6 21. Nf3 Nxa2 22. Rd2 Nb4 23. Ne5 b5 24. Nc3 Bf5 25. Nd5 Nxd5 26. Rxd5 (26. Bf3 $5) 26... Be6 27. Rd6 Bc5 (27... Bxb3 $6 28. Rxa6 Bd5 29. Ra5 $14 (29. Bxb5 Bb8 $14)) 28. Rc6 Be7 (28... Bf8 $15 29. Rb6 Rc8 (29... Bxb3 30. Bf3 $11)) 29. Bf3 $1 $11 Rc8 (29... Bxb3 $2 {perishes.} 30. Rc3 Rd8 31. Rxb3 $18) 30. Rxa6 Bxb3 31. Rb6 Bc4 32. Rb7 Bd6 33. Nc6 g6 34. g3 Kg7 35. Kg2 Rc7 36. Rb6 Bc5 37. Rb8 Rd7 38. Ne5 Rd2 39. Kg1 $1 Bd6 40. Nxc4 bxc4 41. Rc8 Rc2 42. Be4 Rc1+ 43. Kg2 c3 44. Rc6 Be5 45. f4 Bb8 46. Kf2 h5 47. Bd5 Rd1 48. Bb3 Rc1 49. h4 c2 50. Bxc2 Ba7 51. Ke2 Rg1 52. Rc7 Bb6 53. Rc6 Ba7 54. Kf3 Re1 55. Rc3 Bb6 56. Bb3 Rf1+ 57. Ke2 Rg1 58. Kf2 $1 Rb1 59. Rd3 Bc5 60. Bd5 Bb4 61. Kf3 Rb2 62. Ke4 (62. Rd1 $14) 62... Be1 $11 63. Ra3 f5+ 64. Ke5 Rb8 65. Ra7+ Kh6 66. Bf7 Rf8 67. e4 (67. Kf6 Bxg3 68. Ke5 Bxh4 $17) 67... fxe4 68. Kxe4 Bxg3 69. f5 gxf5+ 70. Kf3 Bxh4 71. Ra6+ 1/2-1/2

[Event "EYCC O18-ch 2024"]
[Site "Prague"]
[Date "2024.08.23"]
[Round "2.4"]
[White "Shamatava, Nikolozi"]
[Black "Palczert, Matyas"]
[Result "1-0"]
[ECO "C82"]
[WhiteElo "2196"]
[BlackElo "2341"]
[Annotator "ChessBase"]
[PlyCount "85"]
[EventDate "2024.08.19"]
[EventType "swiss"]
[EventCountry "CZE"]
[SourceTitle "playchess.com"]
[Source "ChessBase"]
[SourceQuality "1"]
[TimeControl "5400+30"]

1. e4 e5 2. Nf3 Nc6 3. Bb5 a6 4. Ba4 Nf6 5. O-O Nxe4 6. d4 b5 7. Bb3 d5 8. dxe5 Be6 9. c3 Bc5 10. Bc2 O-O 11. Nbd2 Bf5 12. Nb3 Bg6 13. Nfd4 Bxd4 14. cxd4 a5 15. Be3 a4 16. Nd2 Nb4 17. Bb1 a3 18. Qc1 axb2 19. Qxb2 Nc6 20. Bxe4 dxe4 21. Rfc1 Ne7 22. Qxb5 Nf5 23. Qc5 h6 24. a4 Qh4 25. a5 Ra6 26. Qxc7 Qg4 27. h3 Qh5 28. Nf1 Rfa8 29. d5 Kh7 30. Rc6 Nxe3 31. Nxe3 R6a7 32. Qd6 Rxa5 33. Rxa5 Rxa5 34. e6 fxe6 35. Qxe6 Qg5 36. Qg4 Ra1+ 37. Kh2 Qe5+ 38. Qg3 Qe8 39. Rc7 Ra2 40. Nf5 Kh8 41. Nd6 e3 42. Nxe8 exf2 43. Qxg6 1-0

[Event "EYCC O18-ch 2024"]
[Site "Prague"]
[Date "2024.08.23"]
[Round "2.5"]
[White "Slagboom, Leandro"]
[Black "Vilimek, Vit"]
[Result "1-0"]
[ECO "A16"]
[WhiteElo "2331"]
[BlackElo "2203"]
[Annotator "RC"]
[PlyCount "49"]
[EventDate "2024.08.19"]
[EventType "swiss"]
[EventCountry "CZE"]
[SourceTitle "playchess.com"]
[Source "ChessBase"]
[SourceQuality "1"]
[TimeControl "5400+30"]

1. c4 Nf6 2. Nc3 g6 3. e4 Nc6 4. d4 e5 5. d5 Nd4 6. Nf3 d6 7. Nxd4 exd4 8. Qxd4 Bg7 9. Bg5 O-O 10. Qd2 Qe8 11. f3 Bd7 12. Bd3 Qe5 13. O-O Nh5 14. g4 Nf6 15. Rae1 h5 16. Bf4 Qe7 17. g5 Nh7 18. Kh1 f6 19. gxf6 Qxf6 20. Be3 Qh4 21. Rf2 Qh3 22. Rg1 Be8 23. Ne2 g5 24. Bxg5 Rxf3 25. Rxf3 1-0

[Event "EYCC O18-ch 2024"]
[Site "Prague"]
[Date "2024.08.23"]
[Round "2.5"]
[White "Eilenberg, Jonas"]
[Black "Macias Pino, Diego"]
[Result "0-1"]
[ECO "A57"]
[WhiteElo "2285"]
[BlackElo "2477"]
[Annotator "TA"]
[PlyCount "60"]
[EventDate "2024.08.19"]
[EventType "swiss"]
[EventCountry "CZE"]
[SourceTitle "playchess.com"]
[Source "ChessBase"]
[SourceQuality "1"]
[TimeControl "5400+30"]

1. d4 Nf6 2. c4 c5 3. d5 b5 4. cxb5 a6 5. e3 e6 6. dxe6 fxe6 7. Nc3 d5 8. Nf3 Be7 9. Bd3 {[%emt 0:05:41] White is slightly better.} O-O 10. O-O axb5 11. Nxb5 Nc6 12. Re1 (12. Nc3 $11) 12... e5 $15 {[%emt 0:05:49] White must now prevent ...e4.} 13. e4 Nxe4 14. Bxe4 dxe4 15. Nd2 Ba6 16. Nc3 $1 Nb4 17. Ndxe4 Bd3 18. Re3 (18. Be3 $1 $11 c4 19. Qh5) 18... c4 {[%emt 0:01:50][%mdl 1024] Black has compensation.} 19. Qh5 {[%emt 0:07:46] Rh3 would now be deadly.} Qd4 {[%emt 0:05:53] Hoping for ...Bxe4.} (19... Rf7 $5 20. Rh3 g6 21. Qxe5 Nc6 $15) 20. Qg4 Ra6 {[%emt 0:04:00] Repels Qe6+. ...Rg6 is the strong threat. Active counter play!} 21. Rf3 Rg6 {[%emt 0:11:23] Some like it hot} 22. Rxf8+ Bxf8 {[%emt 0:00:04] This pair of bishops is nice.} 23. Qf3 (23. Bg5 $11) 23... Nc2 $40 {[%emt 0:00:59][%mdl 128] White is in trouble.} 24. Be3 Bxe4 25. Nxe4 Qd3 26. Ng5 $2 {[%emt 0:10:45][%mdl 8192] This costs White the game.} Rxg5 $19 {[%emt 0:03:15] Black is clearly winning.} ({Not} 26... Nxa1 27. Qf7+ Kh8 28. Qxf8#) 27. Rd1 {[%emt 0:00:01] [#]} e4 28. Qxf8+ Kxf8 29. Rxd3 cxd3 30. Bxg5 {[%emt 0:00:06] [#]} e3 $1 {[%emt 0:00:05][%mdl 512] Weighted Error Value: White=0.87/Black=0.07 (flawless) .  Loses game:     	White=1     	---        Mistake:       	White=3     	---        Inaccurate:     	White=2     	Black=3      OK:         	White=6     	Black=8      Best:        	White=5     	Black=4      Strong:       	White=1     	---} 0-1

[Event "EYCC O18-ch 2024"]
[Site "Prague"]
[Date "2024.08.23"]
[Round "2.6"]
[White "Razafindratsima, Timothe"]
[Black "Kreken, Eivind Grunt"]
[Result "1-0"]
[ECO "B47"]
[WhiteElo "2457"]
[BlackElo "2294"]
[Annotator "RC"]
[PlyCount "123"]
[EventDate "2024.08.19"]
[EventType "swiss"]
[EventCountry "CZE"]
[SourceTitle "playchess.com"]
[Source "ChessBase"]
[SourceQuality "1"]
[TimeControl "5400+30"]

1. e4 c5 2. Nf3 e6 3. d4 cxd4 4. Nxd4 Nc6 5. Nc3 Qc7 6. Be2 Nf6 7. Ndb5 Qb8 8. f4 a6 9. e5 axb5 10. exf6 b4 11. fxg7 Bxg7 12. Nb5 O-O 13. O-O d5 14. Kh1 Bd7 15. f5 exf5 16. Bf4 Be5 17. Qxd5 Be6 18. Bxe5 Qxe5 19. Qxe5 Nxe5 20. Rf4 Rfc8 21. Nd4 Ra5 22. Kg1 Bd7 23. Bf1 Kf8 24. h3 Rc7 25. Rf2 Rd5 26. Nxf5 Nf3+ 27. Rxf3 Bxf5 28. Rf4 Rxc2 29. Rxb4 Rdd2 30. Rxb7 Be4 31. Rb8+ Kg7 32. Rb3 Kf8 33. Rb8+ Kg7 34. Rb3 Kf8 35. Rg3 Rxb2 36. a3 f5 37. Rc1 Rbc2 38. Rxc2 Rxc2 39. Re3 Kg7 40. Re2 Rc1 41. Re3 Kf6 42. Kf2 Ke5 43. g3 f4 44. gxf4+ Kxf4 45. Rb3 Rc2+ 46. Be2 Ra2 47. Rc3 Bd5 48. Ke1 Be4 49. Bc4 Ra1+ 50. Kd2 h5 51. Bd3 Bxd3 52. Kxd3 h4 53. Kc4 Rg1 54. a4 Ra1 55. Kb5 Rb1+ 56. Kc4 Ra1 57. Kb4 Rg1 58. a5 Ra1 59. Ra3 Rg1 60. a6 Rg8 61. a7 Ra8 62. Kb5 1-0

[Event "EYCC O18-ch 2024"]
[Site "Prague"]
[Date "2024.08.23"]
[Round "2.6"]
[White "Falkevall, Axel"]
[Black "Gonzalez Castillo, Jose Javier"]
[Result "1/2-1/2"]
[ECO "E17"]
[WhiteElo "2325"]
[BlackElo "2196"]
[Annotator "ChessBase"]
[PlyCount "101"]
[EventDate "2024.08.19"]
[EventType "swiss"]
[EventCountry "CZE"]
[SourceTitle "playchess.com"]
[Source "ChessBase"]
[SourceQuality "1"]
[TimeControl "5400+30"]

1. d4 Nf6 2. c4 e6 3. Nf3 b6 4. g3 Bb7 5. Bg2 Be7 6. O-O O-O 7. d5 exd5 8. Nh4 c6 9. cxd5 Nxd5 10. Nf5 Nc7 11. e4 d5 12. Re1 Re8 13. Nc3 Bf6 14. Qg4 Bc8 15. Bf4 g6 16. Nh6+ Kg7 17. Qf3 Be6 18. Bxc7 Qxc7 19. exd5 cxd5 20. Nxd5 Bxd5 21. Qxd5 Na6 22. Qb5 Rxe1+ 23. Rxe1 Rd8 24. Ng4 Nc5 25. Nxf6 Kxf6 26. Qc4 Qd6 27. Re3 Kg7 28. Bf1 Qf6 29. Qc3 Qxc3 30. Rxc3 Rd1 31. Re3 a5 32. Kg2 Rd4 33. b3 Re4 34. Kf3 f5 35. Bb5 Kf6 36. h4 Ke5 37. Bc6 Rxe3+ 38. Kxe3 Kd6 39. Bb5 Ne4 40. Bc4 Ke5 41. f4+ Kf6 42. g4 Ke7 43. g5 Ng3 44. Kd4 Kd6 45. Bg8 Nh5 46. Ke3 Ke7 47. a4 Kf8 48. Bc4 Ke7 49. Bg8 Kf8 50. Bc4 Ke7 51. Bg8 1/2-1/2

[Event "EYCC O18-ch 2024"]
[Site "Prague"]
[Date "2024.08.23"]
[Round "2.7"]
[White "Hercegovac, Neven"]
[Black "Stalmach, Richard"]
[Result "0-1"]
[ECO "B90"]
[WhiteElo "2278"]
[BlackElo "2443"]
[Annotator "ChessBase"]
[PlyCount "114"]
[EventDate "2024.08.19"]
[EventType "swiss"]
[EventCountry "CZE"]
[SourceTitle "playchess.com"]
[Source "ChessBase"]
[SourceQuality "1"]
[TimeControl "5400+30"]

1. e4 c5 2. Nf3 d6 3. d4 cxd4 4. Nxd4 Nf6 5. Nc3 a6 6. h3 e5 7. Nf3 h6 8. Bc4 Be6 9. Bb3 Be7 10. Be3 O-O 11. g4 Bxb3 12. axb3 Nc6 13. g5 hxg5 14. Nxg5 d5 15. exd5 Nb4 16. Rg1 Nfxd5 17. Nxd5 Qxd5 18. Qxd5 Nxd5 19. Bd2 Rac8 20. c3 Rc6 21. O-O-O Rd8 22. Kb1 Nf4 23. Bxf4 exf4 24. Rxd8+ Bxd8 25. Nf3 Rh6 26. Rh1 Bb6 27. Ne5 Re6 28. Nd3 f3 29. Ne1 Re2 30. Nxf3 Rxf2 31. Ne5 Bc7 32. Nd3 Rd2 33. Nc5 Bb6 34. Ne4 Rg2 35. Nd6 Bg1 36. h4 b6 37. Rh3 Bc5 38. Nc4 b5 39. Ne5 Bd6 40. Nc6 Bg3 41. h5 Kh7 42. Nd4 Be5 43. Nc6 Bg3 44. Nd4 Be5 45. Nc6 Rh2 46. Rf3 Bf6 47. Nb4 Rxh5 48. Nxa6 Kg6 49. Nb4 Rf5 50. Rg3+ Kh5 51. c4 g5 52. Nd5 g4 53. Ne3 Rf4 54. Rg1 Bd4 55. Rh1+ Kg5 56. Nd5 Rf2 57. cxb5 g3 0-1

[Event "EYCC O18-ch 2024"]
[Site "Prague"]
[Date "2024.08.23"]
[Round "2.7"]
[White "Kusiak, Mateusz"]
[Black "Koutlas, Nikolaos"]
[Result "0-1"]
[ECO "B22"]
[WhiteElo "1887"]
[BlackElo "2322"]
[Annotator "ChessBase"]
[PlyCount "94"]
[EventDate "2024.08.19"]
[EventType "swiss"]
[EventCountry "CZE"]
[SourceTitle "playchess.com"]
[Source "ChessBase"]
[SourceQuality "1"]
[TimeControl "5400+30"]

1. e4 c5 2. c3 e6 3. d4 d5 4. exd5 exd5 5. Nf3 Nf6 6. Bb5+ Nc6 7. O-O Be7 8. dxc5 Bxc5 9. Nbd2 O-O 10. Nb3 Bb6 11. Re1 Bg4 12. Be3 Ne4 13. Qc2 Bxf3 14. gxf3 Nd6 15. Bd3 Qh4 16. Bxb6 axb6 17. Qd2 Rfd8 18. Qe3 Re8 19. Qxb6 Ne5 20. Rxe5 Rxe5 21. Qxd6 Qf4 22. Qb4 Qxf3 23. Bb5 Rg5+ 24. Kf1 Qg2+ 25. Ke2 Re5+ 26. Kd3 Qxf2 27. Nd2 Qf5+ 28. Kd4 b6 29. Bd7 Re4+ 30. Kd3 Re6+ 31. Kd4 Qg4+ 32. Kxd5 Qxb4 33. cxb4 Rd8 34. Kc4 Rxd7 35. Nb3 Re5 36. a4 Rc7+ 37. Kd4 Rh5 38. b5 Rh4+ 39. Kd5 Rb4 40. Rc1 Rxc1 41. Nxc1 Rxa4 42. Nd3 f5 43. Kc6 Rd4 44. Ne5 Re4 45. Kd5 Re2 46. b4 f4 47. Kd4 Rxe5 0-1

[Event "EYCC O18-ch 2024"]
[Site "Prague"]
[Date "2024.08.23"]
[Round "2.8"]
[White "Levin, Guy"]
[Black "Sahakyan, Aleks"]
[Result "1/2-1/2"]
[ECO "D50"]
[WhiteElo "2436"]
[BlackElo "2287"]
[Annotator "ChessBase"]
[PlyCount "146"]
[EventDate "2024.08.19"]
[EventType "swiss"]
[EventCountry "CZE"]
[SourceTitle "playchess.com"]
[Source "ChessBase"]
[SourceQuality "1"]
[TimeControl "5400+30"]

1. d4 d5 2. c4 e6 3. Nc3 Nf6 4. Bg5 Bb4 5. Qa4+ Nc6 6. Nf3 h6 7. Bxf6 Qxf6 8. e3 O-O 9. Rc1 Bd7 10. Qb3 a5 11. a3 a4 12. Qd1 Ba5 13. cxd5 exd5 14. Bd3 Ne7 15. O-O Bxc3 16. Rxc3 Rfc8 17. Ne5 Bf5 18. Bxf5 Qxf5 19. Nd3 Ra6 20. Nc5 Rg6 21. Kh1 Qg5 22. Qf3 Nf5 23. Qh3 b6 24. Nd3 Nd6 25. Rfc1 Re6 26. Nf4 Ne4 27. Kg1 Nxc3 28. Nxe6 Ne2+ 29. Kf1 fxe6 30. Qxe6+ Kh7 31. Kxe2 Rf8 32. Qh3 c5 33. Qg3 Qf6 34. Rd1 Qc6 35. dxc5 bxc5 36. Rd2 Qb5+ 37. Ke1 d4 38. exd4 Re8+ 39. Kd1 c4 40. d5 Rd8 41. Qf3 Rd6 42. Kc2 Qe8 43. Qf5+ Kh8 44. f4 c3 45. Qe5 Qb5 46. Qxc3 Rxd5 47. Rxd5 Qxd5 48. g3 Qg2+ 49. Qd2 Qc6+ 50. Kd3 Qf3+ 51. Kd4 Qb3 52. Kc5 Qb8 53. Qc3 Kh7 54. Qc2+ Kh8 55. Qc3 Kh7 56. Qb4 Qc7+ 57. Kd5 Qd7+ 58. Ke4 Qc6+ 59. Kd4 Qc2 60. h4 Qf2+ 61. Ke5 Qxg3 62. Qe4+ Kh8 63. Qa8+ Kh7 64. Qxa4 Qxh4 65. Qe4+ Kh8 66. b4 Qe7+ 67. Kd4 Qa7+ 68. Kd5 Qb7+ 69. Kd4 Qa7+ 70. Kc4 Qxa3 71. Qe5 Qa4 72. Kc5 Qa7+ 73. Kc6 Qa6+ 1/2-1/2

[Event "EYCC O18-ch 2024"]
[Site "Prague"]
[Date "2024.08.23"]
[Round "2.8"]
[White "Soderstrom, Adrian"]
[Black "Kocsmar, Akos"]
[Result "1-0"]
[ECO "C55"]
[WhiteElo "2318"]
[BlackElo "2187"]
[Annotator "RC"]
[PlyCount "49"]
[EventDate "2024.08.19"]
[EventType "swiss"]
[EventCountry "CZE"]
[SourceTitle "playchess.com"]
[Source "ChessBase"]
[SourceQuality "1"]
[TimeControl "5400+30"]

1. e4 e5 2. Nf3 Nc6 3. Bc4 Nf6 4. d4 exd4 5. e5 Ne4 6. Qe2 Nc5 7. O-O Ne6 8. Bxe6 dxe6 9. Rd1 Be7 10. Nc3 O-O 11. Nb5 Bd7 12. Nbxd4 Qc8 13. Nb3 Rd8 14. Bg5 Bxg5 15. Nxg5 h6 16. Nh3 Be8 17. Nf4 Rd7 18. Nh5 Ne7 19. Nc5 Rxd1+ 20. Rxd1 Bc6 21. Ne4 Qf8 22. Rd4 Rd8 23. Nef6+ gxf6 24. Nxf6+ Kh8 25. Qd3 1-0

[Event "EYCC O18-ch 2024"]
[Site "Prague"]
[Date "2024.08.23"]
[Round "2.9"]
[White "Bokhnak, Timofey"]
[Black "Borrmann, Laurenz"]
[Result "1/2-1/2"]
[ECO "B13"]
[WhiteElo "2273"]
[BlackElo "2427"]
[Annotator "ChessBase"]
[PlyCount "109"]
[EventDate "2024.08.19"]
[EventType "swiss"]
[EventCountry "CZE"]
[SourceTitle "playchess.com"]
[Source "ChessBase"]
[SourceQuality "1"]
[TimeControl "5400+30"]

1. e4 c6 2. d4 d5 3. exd5 cxd5 4. Bd3 Nf6 5. Nf3 Nc6 6. c3 e6 7. Bf4 Nh5 8. Bg5 Qc7 9. O-O Bd6 10. Ne5 g6 11. Nxc6 bxc6 12. g3 f6 13. Be3 O-O 14. c4 Qf7 15. Nd2 e5 16. Rc1 Rb8 17. Nb3 Bd7 18. f3 a5 19. cxd5 cxd5 20. Qe2 Rfe8 21. Qf2 Bb5 22. Bxb5 Rxb5 23. Qe2 Qb7 24. Qc2 Ng7 25. Qc6 Qxc6 26. Rxc6 Nf5 27. Bf2 a4 28. Nc1 Bb8 29. b3 exd4 30. Rxf6 Bd6 31. bxa4 Rb4 32. Rd1 Rb1 33. Kg2 Ba3 34. Rc6 Ne3+ 35. Bxe3 dxe3 36. Re1 d4 37. Nd3 Rxe1 38. Nxe1 Bb4 39. Kf1 Ra8 40. Rc4 e2+ 41. Kf2 Rxa4 42. Kxe2 Rxa2+ 43. Nc2 Bc3 44. Kd3 h5 45. h4 Kg7 46. Nxd4 Bxd4 47. Rxd4 Rg2 48. g4 hxg4 49. fxg4 Kf6 50. Ke3 Rh2 51. Rd6+ Ke5 52. Rxg6 Rxh4 53. Rg5+ Kf6 54. Kf4 Rh1 55. Ra5 1/2-1/2

[Event "EYCC O18-ch 2024"]
[Site "Prague"]
[Date "2024.08.23"]
[Round "2.9"]
[White "Zhukovskyi, Oleksandr"]
[Black "Garcia Fernandez, Victor"]
[Result "0-1"]
[ECO "B30"]
[WhiteElo "1867"]
[BlackElo "2313"]
[Annotator "ChessBase"]
[PlyCount "71"]
[EventDate "2024.08.19"]
[EventType "swiss"]
[EventCountry "CZE"]
[SourceTitle "playchess.com"]
[Source "ChessBase"]
[SourceQuality "1"]
[TimeControl "5400+30"]

1. e4 c5 2. Nf3 Nc6 3. Bb5 d6 4. O-O Bd7 5. Re1 a6 6. Bf1 Bg4 7. h3 Bxf3 8. Qxf3 Nf6 9. d3 e6 10. c3 Be7 11. Qd1 O-O 12. Na3 d5 13. e5 Nd7 14. d4 cxd4 15. cxd4 Bb4 16. Bd2 Qa5 17. Bxb4 Qxb4 18. Nc2 Qxb2 19. Rb1 Qxa2 20. Rxb7 Rfd8 21. Re3 Rab8 22. Rxb8 Ndxb8 23. Rg3 Ne7 24. Ne3 Ng6 25. h4 Nxh4 26. Qh5 Ng6 27. Rh3 h6 28. Rg3 Qb1 29. f4 Nd7 30. f5 exf5 31. e6 f4 32. exd7 fxg3 33. Qxd5 Qe1 34. Qe4 Rxd7 35. Qe8+ Nf8 36. Qxf8+ 0-1

[Event "EYCC O18-ch 2024"]
[Site "Prague"]
[Date "2024.08.23"]
[Round "2.10"]
[White "Pyrih, Roman"]
[Black "Paseka, Matyas"]
[Result "1/2-1/2"]
[ECO "B90"]
[WhiteElo "2422"]
[BlackElo "2281"]
[Annotator "ChessBase"]
[PlyCount "124"]
[EventDate "2024.08.19"]
[EventType "swiss"]
[EventCountry "CZE"]
[SourceTitle "playchess.com"]
[Source "ChessBase"]
[SourceQuality "1"]
[TimeControl "5400+30"]

1. e4 c5 2. Nf3 d6 3. d4 cxd4 4. Nxd4 Nf6 5. Nc3 a6 6. a3 e5 7. Nf5 d5 8. Bg5 d4 9. Bxf6 gxf6 10. Nb1 Bxf5 11. exf5 Qd5 12. Qh5 Nd7 13. Nd2 Rc8 14. b4 Rxc2 15. Bd3 Rc3 16. Be4 Qb5 17. a4 Qxb4 18. Rb1 Qc5 19. O-O b6 20. Bb7 Qa5 21. Nb3 Qxa4 22. Bd5 Be7 23. Qxf7+ Kd8 24. Ra1 Qb5 25. Rfc1 Rf8 26. Qe6 Nc5 27. Nxc5 Qxc5 28. Rxc3 dxc3 29. Bc6 Qd6 30. Qc4 Kc7 31. Be4+ Qc5 32. Qxa6 Rb8 33. Qa7+ Kc8 34. Rd1 Bd6 35. Qf7 b5 36. Bd5 Be7 37. Be4 Kc7 38. Rd5 Qb4 39. h4 Rd8 40. Rxd8 Kxd8 41. Qd5+ Bd6 42. Qa8+ Ke7 43. Qb7+ Kd8 44. Qa8+ Kc7 45. Qa7+ Kd8 46. Qa8+ Kc7 47. Kh2 Qd4 48. Qa5+ Kc8 49. Qa8+ Kc7 50. Kh3 Kb6 51. f3 Kc5 52. Qa3+ Kb6 53. Qa8 Kc5 54. Qa7+ Kb4 55. Qxh7 Qd1 56. Qd7 Qh1+ 57. Kg3 Bc5 58. Bd3 Be3 59. Qxb5+ Ka3 60. Bc2 Bf4+ 61. Kf2 Be3+ 62. Kg3 Bf4+ 1/2-1/2